 Dungeon Crawl Stone Soup version 0.28-a0-1167-g616b1c6417 (webtiles) character file.

Game seed: 7576947901209124900

429 Peloso the Slasher (level 6, -2/53 HPs)
             Began as a Minotaur Fighter on Dec 16, 2021.
             Slain by Crazy Yiuf (3 damage)
             ... on level 4 of the Dungeon.
             The game lasted 00:05:28 (3677 turns).

Peloso the Slasher (Minotaur Fighter)               Turns: 3677, Time: 00:05:29

Health: -2/53      AC:  9    Str: 21    XL:     6   Next: 66%
Magic:  5/5        EV: 13    Int:  5    God:
Gold:   201        SH:  5    Dex: 11    Spells: 5/5 levels left

rFire   . . .      SeeInvis .   a - +0 long sword
rCold   . . .      Faith    .   c - +0 buckler
rNeg    . . .      Spirit   .   o - +0 chain mail
rPois   .          Reflect  .   (helmet restricted)
rElec   .          Harm     .   (no cloak)
rCorr   .          Rampage  .   (no gloves)
Will    .....                   (no boots)
Stlth   ..........              (no amulet)
HPRegen 0.17/turn               (no ring)
MPRegen 0.09/turn               (no ring)

@: agile
A: horns 2, retaliatory headbutt
a: no special abilities


You were on level 4 of the Dungeon.
You visited 1 branch of the dungeon, and saw 4 of its levels.

You collected 201 gold pieces.

Inventory:

Hand Weapons
 a - a +0 long sword (weapon)
Armour
 b - a +0 scale mail
 c - a +0 buckler (worn)
 o - a +0 chain mail (worn)
Wands
 q - a wand of paralysis (4)
Scrolls
 f - a scroll of fear
 l - 2 scrolls of enchant armour {unknown}
 m - a scroll of fog
 n - a scroll of amnesia {unknown}
 p - 2 scrolls of identify
 s - 2 scrolls of teleportation
 u - a scroll of immolation {unknown}
 x - a scroll of blinking
Potions
 d - a potion of might
 e - a potion of attraction {unknown}
 g - 2 potions of flight
 h - a potion of berserk rage
 i - a potion of curing
 j - a potion of heal wounds {unknown}
 k - 2 potions of resistance {unknown}
 r - a potion of lignification {unknown}
 t - a potion of invisibility {unknown}
 v - a potion of mutation {unknown}
 w - a potion of brilliance {unknown}


   Skills:
 + Level 4.6 Fighting
 + Level 5.9 Long Blades
 + Level 5.2 Armour
 + Level 1.9 Dodging
 + Level 4.8 Shields


You had 5 spell levels left.
You didn't know any spells.
Your spell library was empty.

Dungeon Overview and Level Annotations

Branches:
Dungeon (4/15)
 Temple: D:4-7

Altars:
Ashenzari
Hepliaklqana
Vehumet
Yredelemnul

Annotations:
D:4 Crazy Yiuf


Innate Abilities, Weirdness & Mutations

You have a pair of horns on your head.
You reflexively headbutt those who attack you in melee.


Message History

The fungus is lightly damaged.
You hit the fungus.
The fungus begins to die.
You headbutt the fungus.
The fungus is lightly damaged.
A nearby fungus withers and dies.
A nearby fungus withers and dies.
You hit the fungus but do no damage.
You headbutt the fungus, but do no damage.
A nearby fungus withers and dies.
You slash the fungus!
The fungus begins to die.
You headbutt the fungus.
The fungus is lightly damaged.
Found a mace.
Found a runed translucent door.
Crazy Yiuf shouts!
Crazy Yiuf grits, "Ghoul!
Orb water sing."
You open the door. You hit Crazy Yiuf but do no damage.
You headbutt Crazy Yiuf, but do no damage.
Crazy Yiuf hits you with a +4 quarterstaff of chaos.
Crazy Yiuf freezes you.
You hit Crazy Yiuf but do no damage. Your headbutt misses Crazy Yiuf.
Crazy Yiuf hits you with a +4 quarterstaff of chaos!
You feel agile all of a sudden.
You hit Crazy Yiuf but do no damage. Your headbutt misses Crazy Yiuf.
Crazy Yiuf hits you with a +4 quarterstaff of chaos!
You barely miss Crazy Yiuf. You block Crazy Yiuf's attack.
You slash Crazy Yiuf!
Crazy Yiuf is moderately wounded.
Crazy Yiuf hits you with a +4 quarterstaff of chaos!
Crazy Yiuf cries, "Lay ena meccalolo!"
Crazy Yiuf misses you.
You hit Crazy Yiuf but do no damage. Your headbutt misses Crazy Yiuf.
Crazy Yiuf is moderately wounded.
Crazy Yiuf hits you with a +4 quarterstaff of chaos!
* * * LOW HITPOINT WARNING * * *
You feel more agile all of a sudden.
You hit Crazy Yiuf.
Crazy Yiuf is heavily wounded.
Crazy Yiuf hits you with a +4 quarterstaff of chaos!
* * * LOW HITPOINT WARNING * * *
Crazy Yiuf freezes you.
You die...

### #####
..# #..)#
#.# #...#
#.# ...
#.#########
#g#
...)......#
♣♣@♣
#.#######.#
♣.♣♣ #.#
#.# ♣♣.♣
#.# #.#
♣.♣♣ #.#
#.# ♣♣.♣♣
..# #.##
♣.P.♣♣ ###
#..# ♣P...♣
#### #....#
#### #....#


You could see Crazy Yiuf.

Vanquished Creatures
  A scorpion (D:4)
  A bullfrog skeleton (D:4)
  A hound (D:4)
  A centaur skeleton (D:4)
  3 orc wizards (D:4)
  2 hound skeletons (D:4)
  10 adders
  An ufetubus (D:4)
  2 worms
  2 dart slugs
  14 orcs
  7 ball pythons
  3 endoplasms
  4 giant cockroaches
  4 goblins
  5 hobgoblins
  5 jackals
  2 quokkas (D:1)
  4 bats
  2 frilled lizards
  6 kobolds
  3 rats (D:1)
83 creatures vanquished.

Vanquished Creatures (others)
  4 fungi (D:4)
  A plant (D:1)
5 creatures vanquished.

Grand Total: 88 creatures vanquished

Notes
Turn   | Place    | Note
-------+----------+-------------------------------------------
     0 | D:1      | Peloso the Minotaur Fighter began the quest for the Orb.
     0 | D:1      | Reached XP level 1. HP: 19/19 MP: 0/0
   216 | D:1      | Reached XP level 2. HP: 27/27 MP: 1/1
   857 | D:2      | Reached XP level 3. HP: 33/33 MP: 2/2
  1285 | D:2      | Reached XP level 4. HP: 39/40 MP: 3/3
  1323 | D:2      | Found a broken altar of Ashenzari.
  1615 | D:3      | Found a basalt altar of Yredelemnul.
  1619 | D:3      | Found a radiant altar of Vehumet.
  1936 | D:3      | Found a hazy altar of Hepliaklqana.
  2445 | D:4      | Reached XP level 5. HP: 47/47 MP: 4/4
  2668 | D:4      | Reached skill level 5 in Long Blades
  2671 | D:4      | Reached skill level 5 in Armour
  2671 | D:4      | Reached skill level 1 in Dodging
  2675 | D:4      | Reached XP level 6. HP: 48/53 MP: 5/5
  3666 | D:4      | Found a runed translucent door.
  3667 | D:4      | Noticed Crazy Yiuf
  3677 | D:4      | HP: 1/53 [Crazy Yiuf (9)]
  3677 | D:4      | Slain by Crazy Yiuf

Illustrated notes

Levels and vault maps discovered:
D:1:      dpeg_arrival_orchard, layout_loops_cross
D:2:      layout_loops_ring, basic_altar
D:3:      layout_basic, mainiacjoe_overflow_boulevard, nicolae_overflow_squiral
D:4:      layout_loops_ring, uniq_crazy_yiuf_cottage

Skill      XL: |  1  2  3  4  5 |
---------------+----------------+-----
Shields        | 4 |  4.8
Armour         | 4 5 |  5.2
Fighting       | 4 |  4.6
Long Blades    | 3 4 5 |  5.9
Dodging        | 1 |  1.9

Action                   |  1- 3 |  4- 6 || total
-------------------------+-------+-------++-------
Melee: Long sword        |    70 |   127 ||   197
       Headbutt          |    10 |    29 ||    39
  Use: Potion            |     3 |       ||     3
       Scroll            |     2 |     2 ||     4
Armor: Scale mail        |    34 |    41 ||    75
       Chain mail        |       |    28 ||    28
Dodge: Dodged            |    26 |    58 ||    84
Block: Buckler           |    11 |    34 ||    45

Table legend: (Time is in decaauts)
 A = Elapsed time spent in this place.
 B = Non-inter-level travel time spent in this place.
 C = Inter-level travel time spent in this place.
 D = Time resting spent in this place.
 E = Time spent auto-exploring this place.
 F = Levels seen in this place.
 G = Mean time per level.
                   A        B        C        D        E       F      G
               +--------+--------+--------+--------+--------+-----+--------+
         Total |   3724 |   3557 |    167 |      0 |   2911 |   4 |  931.0 |
       Dungeon |   3724 |   3557 |    167 |      0 |   2911 |   4 |  931.0 |
               +--------+--------+--------+--------+--------+-----+--------+

Top non-repeatable levels by time:
     D:4: 1249 daAuts
     D:3: 890 daAuts
     D:2: 882 daAuts
     D:1: 702 daAuts
